 Dungeon Sprint DCSS version 0.30-a0-371-gad7725a93e (webtiles) character file.

Game seed: 3969180178789927884

5842 mhtbhm the Protected (level 10, -8/100 HPs)
             Began as an Armataur Fighter on Nov 20, 2022.
             Was an Initiate of Gozag.
             Mangled by a sun demon (19 damage)
             ... in the Dungeon (Sprint VII: "The Pits").
             The game lasted 00:04:06 (1846 turns).

mhtbhm the Protected (Armataur Fighter)             Turns: 1846, Time: 00:04:07

Health: -8/100     AC: 23    Str: 26    XL:     10   Next: 51%
Magic:  10/10      EV:  7    Int:  9    God:    Gozag
Gold:   2302       SH: 11    Dex: 12    Spells: 9/9 levels left

rFire   . . .      SeeInvis .    a - +2 war axe (vorpal)
rCold   . . .      Faith    .    c - +0 kite shield
rNeg    . . .      Spirit   .    b - +4 chain mail
rPois   .          Reflect  .    r - +0 helmet
rElec   .          Harm     .    o - +1 cloak
rCorr   .          Roll     +    (no gloves)
Will    .....      NoTele   +    (no barding)
Stlth   ..........               (no amulet)
HPRegen 0.36/turn                p - +3 ring of dexterity
MPRegen 0.12/turn                q - +3 ring of protection

@: mighty, gold aura
A: large, rugged brown scales 3, deformed body, armoured tail, roll, long
tongue, awkward tongue
a: Renounce Religion, Potion Petition, Call Merchant, Bribe Branch


You were in the Dungeon.
You worshipped Gozag.
Gozag was most pleased with you.
You visited 1 branch You collected 2923 gold pieces.
You paid 621 gold pieces to Gozag.

Inventory:

Hand Weapons
 a - a +2 vorpal war axe (weapon)
Armour
 b - a +4 chain mail (worn)
 c - a +0 kite shield (worn)
 o - a +1 cloak (worn)
 r - a +0 helmet (worn)
Jewellery
 p - a +3 ring of dexterity (left hand)
 q - a +3 ring of protection (right hand)
Wands
 h - a wand of flame (10)
Scrolls
 j - a scroll of blinking
 l - 5 scrolls of amnesia
 m - a scroll of summoning
Potions
 d - 3 potions of might
 e - 7 potions of curing
 f - a potion of heal wounds
 g - a potion of haste
 i - 2 potions of berserk rage
 k - 2 potions of invisibility
 n - 4 potions of magic
 s - 2 potions of flight {unknown}


   Skills:
 + Level 10.4 Fighting
 + Level 13.6 Axes
 + Level 14.2 Armour
 + Level 4.2 Dodging
 + Level 4.0 Stealth
 + Level 11.1 Shields
 + Level 1.2 Unarmed Combat
 + Level 0.6 Evocations


You had 9 spell levels left.
You didn't know any spells.
Your spell library was empty.

Dungeon Overview and Level Annotations

Branches:
Dungeon (1/1)

Altars:
Ashenzari
Cheibriados
Dithmenos
Elyvilon
Fedhas
Gozag
Hepliaklqana
Kikubaaqudgha
Makhleb
Nemelex Xobeh
Okawaru
Qazlal
Ru
Sif Muna
Trog
Uskayaw
Vehumet
Wu Jian
Xom
Yredelemnul
Zin
The Shining One
Jiyva
Lugonu


Innate Abilities, Weirdness & Mutations

You are completely covered in rugged brown scales. (AC +3, +7% HP)
Armour fits poorly on your strangely shaped body.
You have a long armoured tail.
You roll when moving toward enemies. (Rampage)
Your long tongue fully drains potion bottles. (2x potion effects)
Your tongue gives you trouble enunciating. (1.5x scroll delay)


Message History

The dream sheep is no longer distracted by gold.
The dream sheep is heavily wounded.
You slash the dream sheep! You block the dream sheep's attack.
The dream sheep bites you but does no damage.
Unknown command.
You slurp down every last drop of the 2 potions of heal wounds!
You feel much better.
The sun demon is no longer distracted by gold.
The dream sheep bites you but does no damage.
The dream sheep shake their wool and sparkle.
You feel drowsy...
You fall asleep.
The dream sheep bites you!
You wake up.
The sun demon hits you but does no damage.
You hit the sun demon but do no damage. You slash the dream sheep!
You kill the dream sheep!
You slash the dream sheep! The dream sheep barely misses you.
A spriggan comes into view.
The sun demon hits you!
You are engulfed in flames!!
The spriggan shouts!
You slash the sun demon!
The sun demon is lightly wounded.
You slash the dream sheep!
You kill the dream sheep!
You hear an angry hiss.
The sun demon hits you but does no damage.
You barely miss the sun demon.
The sun demon is lightly wounded.
You slash the dream sheep!
The dream sheep is distracted by your dazzling golden aura.
The sun demon hits you.
You are engulfed in flames!!
* * * LOW HITPOINT WARNING * * *
You closely miss the sun demon.
The sun demon is lightly wounded.
You slash the dream sheep!
You kill the dream sheep!
The sun demon hits you!
* * * LOW HITPOINT WARNING * * *
You are engulfed in flames!!
You die...
Your body crumbles into a pile of gold.

............#
#####''###### ...##''#
##### ####
...##).###...###..'
...##.))##...##..#
...###)).##'##.$## ...#
##).......$.##
...###..###'###$..#
...##..##...).##@$#.
#####..'.......$i3'...'.
#####..##.)(..##..#...#.
..[###..###'###...# '##
.[[# ##..........## .#
.))# #...##'##..## '.
.))##...##.).##..# #
.))##..###...###..+
###### ##### ##


You could see a sun demon and a spriggan.

Vanquished Creatures
  Erolcha (D)
  A deep elf pyromancer (D)
  A cyclops (D)
  A black mamba (D)
  An elephant (D)
  2 molten gargoyles (D)
  Maurice (D)
  2 smoke demons (D)
  Psyche (D)
  An ice devil (D)
  A hellwing (D)
  A guardian mummy (D)
  6 dream sheep (D)
  A ynoxinul (D)
  A spriggan (D)
  A flying skull (D)
  A wolf (D)
  A phantom (D)
  A kobold brigand (D)
  2 gnoll sergeants (D)
  A scorpion (D)
  A hound (D)
  A jelly (D)
  An iron imp (D)
  7 gnolls (D)
  3 river rats (D)
  An adder skeleton (D)
  An orc (D)
  A bat zombie (D)
  A goblin (D)
  A hobgoblin (D)
  3 jackals (D)
  A quokka (D)
  A ball python (D)
  2 frilled lizards (D)
54 creatures vanquished.

Vanquished Creatures (others)
  A gnoll (D)
1 creature vanquished.

Grand Total: 55 creatures vanquished

Notes
Turn   | Place    | Note
-------+----------+-------------------------------------------
     0 | D        | mhtbhm the Armataur Fighter began the quest for the Orb.
     0 | D        | Reached XP level 1. HP: 19/19 MP: 1/1
    17 | D        | Reached skill level 4 in Armour
    17 | D        | Reached XP level 2. HP: 27/27 MP: 2/2
    21 | D        | Found a bloodstained altar of Trog.
    21 | D        | Found a shimmering blue altar of Sif Muna.
    21 | D        | Found a viscous altar of Jiyva.
    21 | D        | Found a hazy altar of Hepliaklqana.
    21 | D        | Found an opulent altar of Gozag.
    22 | D        | Found a glowing golden altar of the Shining One.
    22 | D        | Found a glowing silver altar of Zin.
    22 | D        | Found a basalt altar of Yredelemnul.
    22 | D        | Found a shimmering altar of Xom.
    22 | D        | Found an ornate altar of the Wu Jian Council.
    22 | D        | Found a sacrificial altar of Ru.
    22 | D        | Found a stormy altar of Qazlal.
    22 | D        | Found an iron altar of Okawaru.
    22 | D        | Found a sparkling altar of Nemelex Xobeh.
    22 | D        | Found a burning altar of Makhleb.
    22 | D        | Found a blossoming altar of Fedhas.
    22 | D        | Found a white marble altar of Elyvilon.
    22 | D        | Found a shadowy altar of Dithmenos.
    22 | D        | Found a snail-covered altar of Cheibriados.
    24 | D        | Found a radiant altar of Vehumet.
    24 | D        | Found a corrupted altar of Lugonu.
    25 | D        | Found a hide-covered altar of Uskayaw.
    25 | D        | Found an ancient bone altar of Kikubaaqudgha.
    25 | D        | Found a broken altar of Ashenzari.
    29 | D        | Became a worshipper of Gozag Ym Sagoz the Greedy
   225 | D        | Reached skill level 5 in Armour
   241 | D        | Reached XP level 3. HP: 32/35 MP: 3/3
   324 | D        | Noticed a phantom
   340 | D        | Killed a phantom
   341 | D        | Reached skill level 5 in Fighting
   341 | D        | Reached skill level 7 in Armour
   341 | D        | Reached skill level 5 in Shields
   341 | D        | Reached XP level 4. HP: 27/44 MP: 4/4
   405 | D        | Noticed a wolf
   419 | D        | Reached XP level 5. HP: 43/51 MP: 5/5
   427 | D        | Reached skill level 1 in Stealth
   434 | D        | Killed a wolf
   435 | D        | Reached skill level 5 in Axes
   435 | D        | Reached skill level 8 in Armour
   505 | D        | Reached skill level 1 in Dodging
   505 | D        | Reached XP level 6. HP: 60/60 MP: 6/6
   508 | D        | Noticed a hellwing
   522 | D        | Killed a hellwing
   523 | D        | Reached skill level 10 in Armour
   523 | D        | Reached XP level 7. HP: 60/70 MP: 7/7
   803 | D        | Noticed Maurice
   803 | D        | Noticed a molten gargoyle
   816 | D        | Killed Maurice
   824 | D        | Killed a molten gargoyle
   825 | D        | Reached skill level 11 in Armour
   825 | D        | Reached XP level 8. HP: 79/79 MP: 8/8
  1050 | D        | Noticed a molten gargoyle
  1058 | D        | Killed a molten gargoyle
  1062 | D        | Reached skill level 12 in Armour
  1283 | D        | Noticed Erolcha
  1283 | D        | Noticed a smoke demon
  1293 | D        | Killed a smoke demon
  1294 | D        | Reached skill level 10 in Axes
  1295 | D        | Noticed a flying skull
  1297 | D        | Noticed a black mamba
  1297 | D        | Noticed an ice devil
  1300 | D        | Noticed a cyclops
  1301 | D        | Noticed a guardian mummy
  1305 | D        | Killed a flying skull
  1308 | D        | Killed a black mamba
  1309 | D        | Reached XP level 9. HP: 87/87 MP: 9/9
  1309 | D        | Killed Erolcha
  1312 | D        | Killed an ice devil
  1315 | D        | Killed a guardian mummy
  1316 | D        | Reached skill level 13 in Armour
  1320 | D        | Killed a cyclops
  1321 | D        | Reached skill level 10 in Shields
  1533 | D        | Noticed an elephant
  1533 | D        | Noticed Psyche
  1540 | D        | Killed an elephant
  1550 | D        | Killed Psyche
  1551 | D        | Reached XP level 10. HP: 39/97 MP: 10/10
  1820 | D        | Noticed a smoke demon
  1821 | D        | Noticed a deep elf pyromancer
  1829 | D        | Killed a deep elf pyromancer
  1833 | D        | Killed a smoke demon
  1833 | D        | Noticed a sun demon
  1834 | D        | Reached skill level 10 in Fighting
  1834 | D        | Reached skill level 14 in Armour
  1837 | D        | Reached skill level 1 in Unarmed Combat
  1846 | D        | Mangled by a sun demon

Illustrated notes

Levels and vault maps discovered:
D:        pitsprint [storerooms_1, entrance_room_1, metal_vault_5, armoury_1,
          mini_pit_1, grid_room_1, main_hall_1, silver_pit, the_coven_3,
          the_vestibule_1, steel_vault_3, golden_pit, hallway_of_sentries,
          crystal_vault_4, iron_vault_4, final_vault]

Skill      XL: |  1  2  3  4  5  6  7  8  9 10 |
---------------+-------------------------------+-----
Fighting       | 3 4 5 6 7 8 9 10 | 10.4
Armour         | 4 5 7 8 10 11 12 13 14 | 14.2
Shields        | 4 5 6 7 9 10 11 | 11.1
Axes           | 2 3 4 5 7 8 11 12 13 | 13.6
Stealth        | 2 3 4 |  4.0
Dodging        | 1 2 3 4 |  4.2
Unarmed Combat | 1 |  1.2
Evocations     | |  0.6

Action                   |  1- 3 |  4- 6 |  7- 9 | 10-12 || total
-------------------------+-------+-------+-------+-------++-------
Melee: Tailslap          |     3 |     4 |    17 |     1 ||    25
       War axe           |     1 |       |    60 |    17 ||    78
       Hand axe          |    39 |    38 |    35 |       ||   112
       Unarmed           |       |       |     4 |       ||     4
Invok: Potion Petition   |       |       |     1 |       ||     1
Evoke: Wand              |       |       |     1 |       ||     1
  Use: Potion            |     1 |     1 |     9 |     2 ||    13
 Stab: Distracted        |       |     1 |       |       ||     1
Armor: Scale mail        |    28 |    24 |     7 |       ||    59
       Chain mail        |       |       |    43 |    18 ||    61
       Skin              |       |       |     1 |       ||     1
Dodge: Dodged            |    13 |     6 |    21 |     5 ||    45
Block: Buckler           |    10 |     8 |     3 |       ||    21
       Kite shield       |       |       |    38 |    12 ||    50

Table legend: (Time is in decaauts)
 A = Elapsed time spent in this place.
 B = Non-inter-level travel time spent in this place.
 C = Inter-level travel time spent in this place.
 D = Time resting spent in this place.
 E = Time spent auto-exploring this place.
 F = Levels seen in this place.
 G = Mean time per level.
                   A        B        C        D        E       F      G
               +--------+--------+--------+--------+--------+-----+--------+
         Total |   1869 |   1869 |      0 |   1154 |     27 |   1 | 1869.0 |
       Dungeon |   1869 |   1869 |      0 |   1154 |     27 |   1 | 1869.0 |
               +--------+--------+--------+--------+--------+-----+--------+

Top non-repeatable levels by time:
       D: 1869 daAuts
